3A
LOUISIANA DRAGOONS @ BELLEVUE BRUINS
09/02/2033
 
TOP OF THE 1ST
Louisiana Dragoons batting - Pitching for Bellevue Bruins : RHP Thie Calkhoven
Pitching: RHP Thie Calkhoven
Batting: LHB Carlos Barrera 0-0: Ball
1-0: Swinging Strike
1-1: Foul Ball, location: 2F
1-2: Ball
2-2: Foul Ball, location: 2F
2-2: Foul Ball, location: 2F
2-2: Fly out, F7 (Flyball, 7)
Batting: RHB Tony Calhoun 0-0: Ground out 6-3 (Groundball, 6)
Batting: LHB Javier Seco 0-0: Ball
1-0: Ball
2-0: Called Strike
2-1: Fly out, F5 (Popup, 25F)
Top of the 1st over - 0 runs, 0 hits, 0 errors, 0 left on base; Louisiana 0 - Bellevue 0
BOTTOM OF THE 1ST
Bellevue Bruins batting - Pitching for Louisiana Dragoons : RHP Ron Pomar
Pitching: RHP Ron Pomar
Batting: LHB Jorge Corella 0-0: Ball
1-0: Ball
2-0: Ball
3-0: Base on Balls
Batting: RHB Jesús González 0-0: SINGLE (Line Drive, 4MD)
Jorge Corella to second
Batting: RHB Oki Hai 0-0: Called Strike
0-1: Ball
1-1: Swinging Strike
1-2: Ball
2-2: Grounds into double play, 5-4-3 (Groundball, 56)
Jorge Corella to third
Batting: RHB Gil Andersen 0-0: Ball
1-0: Ball
2-0: Ground out U3 (Groundball, 34S)
Bottom of the 1st over - 0 runs, 1 hit, 0 errors, 1 left on base; Louisiana 0 - Bellevue 0
TOP OF THE 2ND
Louisiana Dragoons batting - Pitching for Bellevue Bruins : RHP Thie Calkhoven
Batting: RHB David Martínez 0-0: Ball
1-0: Ball
2-0: Swinging Strike
2-1: Fly out, F9 (Flyball, 9LSF)
Batting: LHB Pancho González 0-0: Called Strike
0-1: Ball
1-1: Called Strike
1-2: SINGLE (Line Drive, 34D)
Batting: RHB Wallace Belyeu 0-0: Ball
1-0: Called Strike
1-1: Fly out, F9 (Line Drive, 9)
Batting: RHB Richello Oliva 0-0: Called Strike
0-1: Swinging Strike
0-2: Ball
1-2: Ball
2-2: Ball
3-2: Ground out 6-3 (Groundball, 56)
Top of the 2nd over - 0 runs, 1 hit, 0 errors, 1 left on base; Louisiana 0 - Bellevue 0
BOTTOM OF THE 2ND
Bellevue Bruins batting - Pitching for Louisiana Dragoons : RHP Ron Pomar
Batting: SHB Jin-yong Ch'oe 0-0: Ball
1-0: Ball
2-0: Called Strike
2-1: Foul Ball, location: 2F
2-2: Fly out, F3 (Popup, 3S)
Batting: LHB Juan Carlos Vázquez 0-0: Ball
1-0: Called Strike
1-1: Ground out 4-3 (Groundball, 4MS)
Batting: SHB José Tirado 0-0: Ball
1-0: Ball
2-0: DOUBLE (Line Drive, 7LM)
Batting: RHB Chris Gordon 0-0: Ball
1-0: Swinging Strike
1-1: Called Strike
1-2: Ball
2-2: Foul Ball, location: 2F
2-2: Ball
3-2: Foul Ball, location: 2F
3-2: Foul Ball, location: 2F
3-2: Foul Ball, location: 2F
3-2: Fly out, F8 (Flyball, 89D)
Bottom of the 2nd over - 0 runs, 1 hit, 0 errors, 1 left on base; Louisiana 0 - Bellevue 0
TOP OF THE 3RD
Louisiana Dragoons batting - Pitching for Bellevue Bruins : RHP Thie Calkhoven
Batting: RHB Denny Moore 0-0: Ball
1-0: Foul Ball, location: 2F
1-1: Ground out 5-3 (Groundball, 56)
Batting: RHB Toyoshige Ine 0-0: Called Strike
0-1: Ball
1-1: Ball
2-1: Foul Ball, location: 2F
2-2: Ground out 6-3 (Groundball, 6)
Batting: LHB Carlos Barrera 0-0: Foul Ball, location: 2F
0-1: Foul Ball, location: 2F
0-2: Foul Ball, location: 2F
0-2: Ball
1-2: Ball
2-2: Foul Ball, location: 2F
2-2: Foul Ball, location: 2F
2-2: Ball
3-2: Ground out 4-3 (Groundball, 4)
Top of the 3rd over - 0 runs, 0 hits, 0 errors, 0 left on base; Louisiana 0 - Bellevue 0
BOTTOM OF THE 3RD
Bellevue Bruins batting - Pitching for Louisiana Dragoons : RHP Ron Pomar
Batting: RHB Bob Kassell 0-0: Ball
1-0: Called Strike
1-1: Foul Ball, location: 2F
1-2: Ball
2-2: Ball
3-2: Foul Ball, location: 2F
3-2: SINGLE (Groundball, 6MD)
Batting: LHB Jorge Corella 0-0: Called Strike
Bob Kassell is caught stealing 2nd base
0-1: Ball
1-1: Foul Ball, location: 2F
1-2: Ball
2-2: Foul Ball, location: 2F
2-2: Ball
3-2: SOLO HOME RUN (Flyball, 78D), Distance : 434 ft
Batting: RHB Jesús González 0-0: Hit by Pitch, AND HE CHARGES THE MOUND! The benches clear!
Pitching: RHP Ivano Carbonetti
Pinch Runner at 1st Douglas von Bittenfeld:
Batting: RHB Oki Hai 0-0: Ball
1-0: Called Strike
1-1: Ball
Wild Pitch!
Douglas von Bittenfeld to second
2-1: DOUBLE (Flyball, 89XD)
Douglas von Bittenfeld scores
Batting: RHB Gil Andersen 0-0: Called Strike
0-1: Ball
1-1: Called Strike
1-2: DOUBLE (Line Drive, 8LXD)
Oki Hai scores
Batting: SHB Jin-yong Ch'oe 0-0: Ball
1-0: Ball
2-0: Ball
3-0: Foul Ball, location: 2F
3-1: Foul Ball, location: 2F
3-2: Foul Ball, location: 2F
3-2: Foul Ball, location: 2F
3-2: Foul Ball, location: 2F
3-2: Foul Ball, location: 2F
3-2: Foul Ball, location: 2F
3-2: Base on Balls
Batting: LHB Juan Carlos Vázquez 0-0: Called Strike
0-1: Foul Ball, location: 2F
0-2: Ball
1-2: Ball
2-2: Foul Ball, location: 2F
2-2: 3-RUN HOME RUN (Flyball, 9LD), Distance : 354 ft
Pitching: RHP Claudio Martínez
Batting: SHB José Tirado 0-0: Ball
1-0: Called Strike
1-1: Ball
2-1: Ground out 4-3 (Groundball, 4)
Batting: RHB Chris Gordon 0-0: Ball
1-0: Called Strike
1-1: Called Strike
1-2: Ball
2-2: Strikes out swinging
Bottom of the 3rd over - 6 runs, 5 hits, 0 errors, 0 left on base; Louisiana 0 - Bellevue 6
TOP OF THE 4TH
Louisiana Dragoons batting - Pitching for Bellevue Bruins : RHP Thie Calkhoven
Now in LF: Douglas von Bittenfeld
Batting: RHB Tony Calhoun 0-0: Fly out, F7 (Line Drive, 78D)
Batting: LHB Javier Seco 0-0: Ball
1-0: Ball
2-0: Ground out 5-3 (Groundball, 5)
Batting: RHB David Martínez 0-0: DOUBLE (Line Drive, 7D)
Batting: LHB Pancho González 0-0: Ball
1-0: Ball
2-0: Fly out, F7 (Flyball, 78M)
Top of the 4th over - 0 runs, 1 hit, 0 errors, 1 left on base; Louisiana 0 - Bellevue 6
BOTTOM OF THE 4TH
Bellevue Bruins batting - Pitching for Louisiana Dragoons : RHP Claudio Martínez
Batting: RHB Bob Kassell 0-0: Ball
1-0: Ball
2-0: Called Strike
2-1: Fly out, F3 (Popup, 3SF)
Batting: LHB Jorge Corella 0-0: Swinging Strike
0-1: Ball
1-1: Swinging Strike
1-2: Ball
2-2: Foul Ball, location: 2F
2-2: Strikes out looking
Batting: RHB Douglas von Bittenfeld 0-0: Fly out, F9 (Flyball, 9S)
Bottom of the 4th over - 0 runs, 0 hits, 0 errors, 0 left on base; Louisiana 0 - Bellevue 6
TOP OF THE 5TH
Louisiana Dragoons batting - Pitching for Bellevue Bruins : RHP Thie Calkhoven
Batting: RHB Wallace Belyeu 0-0: Foul Ball, location: 2F
0-1: Foul Ball, location: 2F
0-2: Fly out, F9 (Flyball, 89S)
Batting: RHB Richello Oliva 0-0: Ball
1-0: Ground out U3 (Groundball, 34)
Batting: RHB Denny Moore 0-0: Foul Ball, location: 2F
0-1: Swinging Strike
0-2: SINGLE (Line Drive, 78S)
Batting: RHB Toyoshige Ine 0-0: Called Strike
0-1: Ball
1-1: Called Strike
1-2: Ball
2-2: Ground out 4-3 (Groundball, 4)
Top of the 5th over - 0 runs, 1 hit, 0 errors, 1 left on base; Louisiana 0 - Bellevue 6
BOTTOM OF THE 5TH
Bellevue Bruins batting - Pitching for Louisiana Dragoons : RHP Claudio Martínez
Batting: RHB Oki Hai 0-0: Ball
1-0: Ball
2-0: Foul Ball, location: 2F
2-1: Swinging Strike
2-2: Ball
3-2: Foul Ball, location: 2F
3-2: Ground out 5-3 (Groundball, 56)
Batting: RHB Gil Andersen 0-0: Called Strike
0-1: Ball
1-1: Ball
2-1: Foul Ball, location: 2F
2-2: Ball
3-2: Foul Ball, location: 2F
3-2: Strikes out swinging
Batting: SHB Jin-yong Ch'oe 0-0: Ground out 4-3 (Groundball, 4)
Bottom of the 5th over - 0 runs, 0 hits, 0 errors, 0 left on base; Louisiana 0 - Bellevue 6
TOP OF THE 6TH
Louisiana Dragoons batting - Pitching for Bellevue Bruins : RHP Thie Calkhoven
Batting: LHB Carlos Barrera 0-0: Called Strike
0-1: Ball
1-1: Ball
2-1: Swinging Strike
2-2: Ball
3-2: Foul Ball, location: 2F
3-2: Base on Balls
Batting: RHB Tony Calhoun 0-0: Called Strike
0-1: Ball
1-1: Foul Ball, location: 2F
1-2: Ball
2-2: Ball
3-2: Grounds into double play, 4-6-3 (Groundball, 4M)
Batting: LHB Javier Seco 0-0: Foul Ball, location: 2F
0-1: Foul Ball, location: 2F
0-2: Strikes out swinging
Top of the 6th over - 0 runs, 0 hits, 0 errors, 0 left on base; Louisiana 0 - Bellevue 6
BOTTOM OF THE 6TH
Bellevue Bruins batting - Pitching for Louisiana Dragoons : RHP Claudio Martínez
Batting: LHB Juan Carlos Vázquez 0-0: Called Strike
0-1: Foul Ball, location: 2F
0-2: Foul Ball, location: 2F
0-2: Ball
1-2: Foul Ball, location: 2F
1-2: Fly out, F8 (Flyball, 78D)
Batting: SHB José Tirado 0-0: Swinging Strike
0-1: Ground out U3 (Groundball, 34S)
Batting: RHB Chris Gordon 0-0: Called Strike
0-1: Ball
1-1: Fly out, F8 (Flyball, 8RM)
Bottom of the 6th over - 0 runs, 0 hits, 0 errors, 0 left on base; Louisiana 0 - Bellevue 6
TOP OF THE 7TH
Louisiana Dragoons batting - Pitching for Bellevue Bruins : RHP Thie Calkhoven
Batting: RHB David Martínez 0-0: Foul Ball, location: 2F
0-1: Ball
1-1: Called Strike
1-2: Foul Ball, location: 2F
1-2: Ball
2-2: Ground out 6-3 (Groundball, 6S)
Batting: LHB Pancho González 0-0: Ball
1-0: Swinging Strike
1-1: Foul Ball, location: 2F
1-2: Strikes out swinging
Batting: RHB Wallace Belyeu 0-0: Called Strike
0-1: Foul Ball, location: 2F
0-2: Foul Ball, location: 2F
0-2: Foul Ball, location: 2F
0-2: Ball
1-2: Ball
2-2: Ball
3-2: Base on Balls
Batting: RHB Richello Oliva 0-0: Called Strike
Throwing error on steal attempt, E2
Wallace Belyeu to third
0-1: Ball
1-1: Ball
2-1: Ball
3-1: Foul Ball, location: 2F
3-2: Ground out 5-3 (Groundball, 56S)
Top of the 7th over - 0 runs, 0 hits, 1 error, 1 left on base; Louisiana 0 - Bellevue 6
BOTTOM OF THE 7TH
Bellevue Bruins batting - Pitching for Louisiana Dragoons : RHP Claudio Martínez
Batting: RHB Bob Kassell 0-0: Fly out, F8 (Flyball, 8RM)
Batting: LHB Jorge Corella 0-0: Ball
1-0: Called Strike
1-1: Ball
2-1: Fly out, F8 (Flyball, 89D)
Batting: RHB Douglas von Bittenfeld 0-0: Ball
1-0: Called Strike
1-1: Called Strike
1-2: Ground out 4-3 (Groundball, 4)
Bottom of the 7th over - 0 runs, 0 hits, 0 errors, 0 left on base; Louisiana 0 - Bellevue 6
TOP OF THE 8TH
Louisiana Dragoons batting - Pitching for Bellevue Bruins : RHP Thie Calkhoven
Batting: RHB Denny Moore 0-0: Ball
1-0: Ball
2-0: Called Strike
2-1: Foul Ball, location: 2F
2-2: Reached on error, E5 (Groundball, 5L)
Batting: RHB Toyoshige Ine 0-0: Called Strike
0-1: Ball
1-1: Foul Ball, location: 2F
1-2: Ground out 5-3 (Groundball, 5S)
Denny Moore to second
Batting: LHB Carlos Barrera 0-0: Ball
1-0: Ball
2-0: Called Strike
2-1: Ball
3-1: Called Strike
3-2: DOUBLE (Line Drive, 9LM)
Denny Moore scores
Pitching: RHP Luis Núńez
Batting: RHB Tony Calhoun 0-0: Called Strike
0-1: Called Strike
0-2: Ball
Wild Pitch!
Carlos Barrera to third
1-2: Ball
2-2: Ball
3-2: Strikes out swinging
Batting: LHB Javier Seco 0-0: Ball
1-0: Foul Ball, location: 2F
1-1: Ball
2-1: Foul Ball, location: 2F
2-2: DOUBLE (Flyball, 8LXD)
Carlos Barrera scores
Batting: RHB David Martínez 0-0: Ball
1-0: Ball
2-0: Fly out, F6 (Popup, P)
Top of the 8th over - 2 runs, 2 hits, 1 error, 1 left on base; Louisiana 2 - Bellevue 6
BOTTOM OF THE 8TH
Bellevue Bruins batting - Pitching for Louisiana Dragoons : RHP Claudio Martínez
Batting: RHB Oki Hai 0-0: Called Strike
0-1: Ball
1-1: SOLO HOME RUN (Flyball, 7LD), Distance : 365 ft
Batting: RHB Gil Andersen 0-0: Ground out 6-3 (Groundball, 56)
Batting: SHB Jin-yong Ch'oe 0-0: Ball
1-0: Called Strike
1-1: Foul Ball, location: 2F
1-2: Ball
2-2: Fly out, F6 (Popup, 6D)
Batting: LHB Juan Carlos Vázquez 0-0: Ball
1-0: Called Strike
1-1: Foul Ball, location: 2F
1-2: Strikes out swinging
Bottom of the 8th over - 1 run, 1 hit, 0 errors, 0 left on base; Louisiana 2 - Bellevue 7
TOP OF THE 9TH
Louisiana Dragoons batting - Pitching for Bellevue Bruins : RHP Luis Núńez
Batting: LHB Pancho González 0-0: DOUBLE (Line Drive, 7LS)
Batting: RHB Wallace Belyeu 0-0: Called Strike
0-1: Ball
1-1: Ball
2-1: Foul Ball, location: 2F
2-2: Ball
3-2: Strikes out swinging
Batting: RHB Richello Oliva 0-0: Called Strike
0-1: Fly out, F9 (Flyball, 9S)
Batting: RHB Denny Moore 0-0: Called Strike
0-1: Foul Ball, location: 2F
0-2: Foul Ball, location: 2F
0-2: Ball
1-2: Ground out 6-3 (Groundball, 6)
Top of the 9th over - 0 runs, 1 hit, 0 errors, 1 left on base; Louisiana 2 - Bellevue 7
Saturday, December 22nd, 2018 - OOTP Baseball 18.8 Build 76